 Dungeon Crawl Stone Soup version 0.18-a0-1730-g73f0523 (webtiles) character file.

2314 Avack the Martial Artist (level 9, -2/59 HPs)
             Began as a Merfolk Transmuter on Apr 4, 2016.
             Was an Initiate of Fedhas.
             Slain by a wight
             ... wielding a +0 dire flail
              (7 damage)
             ... on level 7 of the Dungeon on Apr 10, 2016.
             The game lasted 00:28:03 (8148 turns).

Avack the Martial Artist (Merfolk Transmuter)       Turns: 8148, Time: 00:28:05

Health: -2/59      AC:  7    Str: 13    XL:     9   Next: 41%
Magic:  11/12      EV: 13    Int: 14    God:    Fedhas [......]
Gold:   258        SH:  0    Dex: 16    Spells: 3 memorised, 6 levels left

rFire  . . .     SeeInvis .       - Unarmed
rCold  . . .     Gourm    .     D - +1 leather armour {MR+}
rNeg   . . .     Faith    .     (no shield)
rPois  .         Spirit   .     (no helmet)
rElec  .         Dismiss  .     (no cloak)
rCorr  .         Reflect  .     C - +2 pair of gloves {Str+3}
SustAt .         Harm     .     (no boots)
MR     +....                    (no amulet)
Stlth  +.........               (no ring)
                                (no ring)

@: heavily drained, somewhat resistant to hostile enchantments, very unstealthy
A: change form in water, swift swim
a: Renounce Religion


You were on level 7 of the Dungeon.
You worshipped Fedhas.
Fedhas was noncommittal.
You were hungry.

You visited 2 branches of the dungeon, and saw 9 of its levels.

You collected 357 gold pieces.
You spent 99 gold pieces at shops.

Inventory:

Hand Weapons
 x - a +2 hunting sling of velocity
Missiles
 a - 74 arrows
 h - 29 sling bullets
 k - 276 stones
 p - 8 poisoned needles
 G - 2 throwing nets (quivered)
Armour
 b - a +1 robe
 l - a +0 helmet
 v - a +0 leather armour
 C - a +2 pair of gloves of strength (worn)
 D - a +1 leather armour of magic resistance (worn)
 H - a +0 buckler
Wands
 t - a wand of lightning (8/15)
 A - a wand of lightning (4/15)
Scrolls
 g - 5 scrolls of teleportation
 m - 2 scrolls of fog {unknown}
 s - 2 scrolls of blinking
 u - 2 scrolls of recharging
 w - 2 scrolls of remove curse
 y - 2 scrolls of magic mapping
Potions
 e - a potion of brilliance
 f - a potion of curing
 o - a potion of cure mutation {unknown}
 q - 3 potions of flight
 r - 2 potions of agility
 z - 2 potions of lignification
 B - a potion of might
 F - a potion of resistance {unknown}
Books
 c - a book of Changes

   Spells                             Type                      Level
   a - Beastly Appendage              Transmutation                1
   b - Sticks to Snakes               Transmutation                2
   c - Spider Form                    Transmutation/Poison         3
   d - Ice Form                       Ice/Transmutation            4
   e - Blade Hands                    Transmutation                5
Comestibles
 d - 8 bread rations
 i - 7 beef jerkies
 j - 6 fruits
 n - 2 meat rations


   Skills:
 - Level 1.1(0.0) Fighting
 - Level 2.1(0.6) Armour
 - Level 5.0(3.4) Dodging
 - Level 10.9(9.0) Unarmed Combat
 + Level 2.1(0.6) Spellcasting
 + Level 7.9(6.1) Transmutations
 - Level 2.0(0.5) Poison Magic


You had 6 spell levels left.
You knew the following spells:

 Your Spells              Type           Power        Failure   Level  Hunger
a - Beastly Appendage     Trmt           ###...       3%          1    ##.....
b - Sticks to Snakes      Trmt           ###.....     6%          2    ###....
c - Spider Form           Trmt/Pois      #.........   28%         3    ####...


Dungeon Overview and Level Annotations

Branches:
Dungeon (8/15)             Temple (1/1) D:6
   Lair: D:8-11

Altars:
Cheibriados
Dithmenos
Elyvilon
Fedhas
Gozag
Kikubaaqudgha
Makhleb
Nemelex Xobeh
Okawaru
Pakellas
Qazlal
Ru
Sif Muna
Trog
Vehumet
Xom
Yredelemnul
Zin
The Shining One

Shops:
D:6 [

Portals:
Ossuary: D:8


Message History

The wight hits you with an enchanted mace!
* * * LOW HITPOINT WARNING * * *
You feel drained.
* * * LOW HITPOINT WARNING * * *
Your transformation has ended.
Your +2 pair of gloves of strength unmelds from your body.
Your +1 leather armour of magic resistance unmelds from your body.
You feel stronger.
You feel resistant to hostile enchantments.
The wight hits you with a dire flail.
* * * LOW HITPOINT WARNING * * *
Drink which item? (? for menu, Esc to quit)
You feel better.
The wight hits you with an enchanted mace!
* * * LOW HITPOINT WARNING * * *
You feel drained.
* * * LOW HITPOINT WARNING * * *
The wight hits you with a dire flail!
You die...
Fedhas appreciates your contribution to the ecosystem.

#.# #.#######.# ##'##
#......##.##### #...##
#.###.........# .....## ####.#
#..##.###.# # ......##
##.##.###..##.##..## ##
.......####...#..##..##....#.###.
.......'.....).........[.......'.
.......####...#.z##...>.....####.
......## #.....@zz..#####..# ##
.....## #.########## ##.# ##
#(..## #.# #.# #≈ ##+## #.# #.#
##≈ #.###### #.# #.###..
##.##...###.# #####.##...
.........##.# #..........
#........##.# #.##.....#≈
.....#.#.##.# #.##.....#≈


You could see 3 wights.

Vanquished Creatures
  Pikel (D:6)
  An ice beast (D:7)
  A phantom (D:7)
  5 ogres
  2 giant frogs
  3 scorpions
  5 wights (D:7)
  A crimson imp (D:5)
  3 hounds
  A centaur zombie (D:5)
  3 orc priests
  2 iguanas
  2 orc wizards
  5 worker ants
  A hound zombie (D:7)
  2 hound skeletons (D:7)
  Robin (D:3)
  10 adders
  4 gnolls (D:5)
  A shadow imp (D:5)
  An ooze (D:3)
  An adder skeleton (D:4)
  A dart slug (D:1)
  7 giant geckos
  18 orcs
  3 bats
  5 giant cockroaches
  13 goblins
  6 hobgoblins
  16 jackals
  8 kobolds
  2 quokkas
  7 giant newts
  A quokka zombie (D:5)
  14 rats
157 creatures vanquished.

Vanquished Creatures (collateral kills)
  A goblin (D:2)
  A kobold (D:2)
2 creatures vanquished.

Vanquished Creatures (others)
  A slave (D:6)
  A scorpion (D:6)
  A quokka (D:7)
  11 toadstools
14 creatures vanquished.

Grand Total: 173 creatures vanquished

Notes
Turn   | Place    | Note
--------------------------------------------------------------
     0 | D:1      | Avack the Merfolk Transmuter began the quest for the Orb.
     0 | D:1      | Reached XP level 1. HP: 15/15 MP: 3/3
    85 | D:1      | Reached XP level 2. HP: 18/21 MP: 3/5
   114 | D:1      | Learned a level 2 spell: Sticks to Snakes
   833 | D:1      | Reached XP level 3. HP: 26/26 MP: 4/6
   838 | D:1      | Learned a level 3 spell: Spider Form
  1010 | D:2      | Reached skill level 5 in Transmutations
  1010 | D:2      | Reached skill level 1 in Poison Magic
  1288 | D:2      | Reached XP level 4. HP: 29/32 MP: 7/7
  1335 | D:2      | Found an ancient bone altar of Kikubaaqudgha.
  1430 | D:2      | Found a basalt altar of Yredelemnul.
  1791 | D:2      | Found a radiant altar of Vehumet.
  2394 | D:3      | Found a stormy altar of Qazlal.
  2411 | D:3      | Reached XP level 5. HP: 29/37 MP: 6/8
  2530 | D:3      | Reached skill level 4 in Unarmed Combat
  2539 | D:3      | Noticed Robin
  2547 | D:3      | Killed Robin
  3261 | D:4      | Noticed an ogre
  3282 | D:4      | Killed an ogre
  3282 | D:4      | Reached skill level 5 in Unarmed Combat
  3282 | D:4      | Reached XP level 6. HP: 43/43 MP: 7/9
  3740 | D:4      | Reached skill level 6 in Unarmed Combat
  4082 | D:5      | Entered Level 5 of the Dungeon
  4093 | D:5      | Upgraded the game from 0.18-a0-1685-g4482fe3 to 0.18-a0-1730-g73f0523
  4094 | D:5      | Reached skill level 7 in Unarmed Combat
  4094 | D:5      | Reached XP level 7. HP: 44/48 MP: 7/10
  4526 | D:5      | Reached skill level 8 in Unarmed Combat
  4990 | D:5      | Found a deep blue altar of Sif Muna.
  4990 | D:5      | Found a sacrificial altar of Ru.
  4991 | D:5      | Found a burning altar of Makhleb.
  5159 | D:6      | Found Aphad's Antique Armour Shoppe.
  5171 | D:6      | Bought a pair of runed gloves for 99 gold pieces
  5490 | D:6      | Found a glowing golden altar of the Shining One.
  5494 | D:6      | Found a sparkling altar of Nemelex Xobeh.
  5495 | D:6      | Found an opulent altar of Gozag.
  5761 | D:6      | Reached skill level 9 in Unarmed Combat
  5818 | D:6      | Reached XP level 8. HP: 54/54 MP: 8/11
  6063 | D:6      | Noticed Pikel
  6075 | D:6      | Killed Pikel
  6075 | D:6      | Reached skill level 10 in Unarmed Combat
  6136 | D:6      | Found a staircase to the Ecumenical Temple.
  6146 | Temple   | Entered the Ecumenical Temple
  6190 | Temple   | Became a worshipper of Fedhas Madash
  6267 | D:6      | Reached skill level 1 in Armour
  6347 | D:6      | Found a shadowy altar of Dithmenos.
  6827 | D:7      | Reached XP level 9. HP: 46/59 MP: 10/12
  6953 | D:7      | Reached skill level 5 in Dodging
  7068 | D:7      | Found a white marble altar of Elyvilon.
  7384 | D:7      | Found a glowing silver altar of Zin.
  8095 | D:8      | Found a sand-covered staircase.
  8148 | D:7      | Slain by a wight

Vault maps used:
D:1:      dpeg_arrival_tiny_a
D:2:      lemuel_doored_altar, vehumet_crystals, minmay_crystal_water,
          minivault_14, yredelemnul_altar_generic
D:3:      nicolae_qazlal_general_emergency, portal_sewer_entry_b, uniq_robin
D:4:      first_bread
D:5:      gammafunk_temple_overflow_claw
D:6:      nicolae_overflow_hidden_temple, kennysheep_mini_moat,
          minmay_temple_entry_glassed_door, serial_shops, shop_statue,
          minivault_26, uniq_pikel
D:7:      zin_treasury, elyvilon_altar_4, grunt_ogre_cave
D:8:      enter_ossuary_1
Temple:   temple_island_7

Skill      XL: |  1  2  3  4  5  6  7  8  9 |
---------------+----------------------------+-----
Transmutations | 3 4 5 7 |  7.9
Poison Magic   | 1 2 |  2.0
Unarmed Combat | 5 7 9 10 | 10.9
Dodging        | 4 5 |  5.0
Armour         | 1 2 |  2.1
Fighting       | |  1.1
Spellcasting   | |  2.1

Action                   |  1- 3 |  4- 6 |  7- 9 || total
-------------------------+-------+-------+-------++-------
Melee: Unarmed           |   111 |   216 |   233 ||   560
 Fire: Hunting sling     |       |     1 |       ||     1
 Cast: Beastly Appendage |    21 |    19 |    23 ||    63
       Sticks to Snakes  |     2 |       |     1 ||     3
       Spider Form       |       |     5 |    17 ||    22
 Abil: End Transformatio |       |       |     1 ||     1
  Use: Scroll            |     4 |     9 |     5 ||    18
       Potion            |       |       |     3 ||     3
 Stab: Sleeping          |       |     3 |       ||     3
  Eat: Chunk             |     2 |    10 |    14 ||    26
       Beef jerky        |       |       |     1 ||     1
